Map: Oxide LE

Players

Hydra

  • Race: Zerg Zerg
  • Spawn Location: 7:00

Borry - Winner!

  • Race: Terran Terran
  • Spawn Location: 1:00

VOD

Have the link to the VOD?

Description

Time

  • Played on: Oct. 1, 2020, 2:52 p.m.
  • Length: 20:52
Show
View Real Time Build Order
Export as new Build Order

Hydra Zerg 

Build Orders: Pool First 

Get SALT Encoding   

  12  0:02  Drone  
  13  0:10  Drone  
  14  0:17  Overlord  
  14  0:36  Spawning Pool  
  14  0:40  Drone  
  14  0:46  Drone, Extractor  
  14  0:48  Drone  
  15  1:00  Drone  
  15  1:03  Drone  
  17  1:14  Drone  
  18  1:29  Drone  
  19  1:40  Hatchery  
  19  1:41  Drone  
  19  1:45  Queen  
  21  1:55  Zergling x2  
  21  1:59  Extractor  
  21  2:00  Overlord  
  21  2:11  Zergling x2  
  22  2:18  Metabolic Boost  
  22  2:21  Queen  
  22  2:22  Zergling x2  
  25  2:55  Zergling x8  
  25  2:57  Drone  
  25  2:58  Zergling x4  
  31  3:03  Queen  
  34  3:35  Overlord  
  34  3:36  Overlord  
  34  3:38  Zergling x4  
  36  3:46  Baneling Nest  
  35  4:01  Extractor  
  34  4:27  Zergling x2  
  34  4:28  Zergling x14  
  42  4:36  Lair  
  42  4:47  Zergling x8  
  42  4:51  Zergling x2  
  47  5:27  Roach Warren  
  46  5:36  Hydralisk Den  
  46  5:42  Zergling x2  
  46  5:43  Zergling x8  
  48  6:09  Baneling  
  48  6:10  Baneling x9  
  48  6:13  Baneling  
  48  6:28  Overlord  
  23  7:28  Roach  
  23  7:29  Overlord x2  
  24  7:30  Overlord  
  24  7:31  Overlord  
  24  7:58  Overlord x2  
  24  7:59  Zergling x6  
  24  8:05  Drone  
  28  8:22  Drone  
  28  8:23  Drone x2  
  31  8:28  Drone  
  32  8:46  Drone  
  32  8:47  Drone x2  
  35  8:50  Drone  
  35  8:53  Drone  
  37  9:27  Drone x6  
  43  9:48  Hatchery  
  42  10:00  Hatchery  
  42  10:07  Pneumatized Carapace  
  41  10:09  Centrifical Hooks  
  41  10:12  Grooved Spines  
  41  10:22  Evolution Chamber, Drone x2  
  41  10:23  Drone x3  
  41  10:25  Evolution Chamber  
  38  11:05  Hydralisk x3  
  43  11:24  Muscular Augments  
  41  11:35  Spore Crawler  
  41  11:37  Spore Crawler  
  41  11:39  Drone  
  37  11:40  Drone  
  38  11:48  Drone  
  38  11:49  Drone x8  
  47  12:01  Spore Crawler  
  46  12:03  Spore Crawler  
  46  12:04  Drone x2  
  47  12:20  Spore Crawler  
  47  12:21  Spore Crawler  
  42  12:25  Spore Crawler  
  42  12:27  Spore Crawler  
  42  12:29  Spore Crawler  
  39  12:58  Hydralisk x4  
  41  13:12  Zerg Missile Weapons Level 1  
  36  13:47  Drone  
  37  13:50  Drone  
  38  14:13  Drone  
  38  14:14  Drone  
  39  14:20  Drone  
  29  15:12  Hatchery  
  28  15:22  Drone  
  28  15:23  Drone x5  
  34  15:41  Zerg Missile Weapons Level 2  
  34  15:54  Drone  
  34  15:55  Drone x2  
  37  16:14  Drone x5  
  42  17:05  Hydralisk  
  42  17:06  Hydralisk x9  
  62  17:09  Hydralisk  
  64  17:29  Lurker Den  
  55  18:12  Overseer  
  53  18:14  Overseer  
  47  19:13  Hydralisk  
  47  19:14  Hydralisk x11  
  71  19:19  Lurker x2  
  71  19:23  Burrow  
  73  19:45  Infestation Pit  
Show
View Real Time Build Order
Export as new Build Order

Borry Terran - Winner!

Build Orders:  

Get SALT Encoding   

  12  0:01  SCV  
  13  0:13  SCV  
  14  0:18  Supply Depot  
  14  0:25  SCV  
  15  0:32  Refinery  
  15  0:40  SCV  
  16  0:48  Barracks  
  16  0:52  SCV  
  17  1:04  SCV  
  17  1:08  Supply Depot  
  18  1:16  SCV  
  19  1:28  SCV  
  20  1:40  SCV, Engineering Bay  
  20  1:44  Reaper  
  22  1:53  SCV  
  22  1:54  Factory  
  23  1:59  Refinery  
  23  2:05  SCV  
  24  2:17  SCV  
  25  2:27  Barracks Tech Lab  
  25  2:35  Command Center  
  25  2:43  Hellion  
  27  2:56  Starport  
  27  3:04  Hellion  
  29  3:27  Hellion  
  29  3:31  Combat Shield  
  31  3:46  Marine  
  31  3:49  Hellion  
  33  4:04  Marine  
  34  4:22  Marine  
  35  4:28  Factory Tech Lab  
  35  4:30  Liberator  
  38  4:39  Armory  
  38  4:40  Marine  
  39  4:47  SCV x2  
  41  4:57  Marine  
  41  4:59  SCV x2  
  44  5:11  SCV x2  
  44  5:13  Supply Depot  
  46  5:14  Supply Depot  
  46  5:35  SCV x2, Siege Tank  
  51  5:37  Supply Depot x2  
  51  5:47  SCV x2  
  53  5:59  SCV x2  
  53  6:00  Supply Depot  
  47  6:11  SCV x2  
  49  6:24  Orbital Command  
  49  6:26  Orbital Command  
  49  6:33  Refinery  
  49  6:34  Refinery, Starport Tech Lab  
  49  6:42  Fusion Core  
  49  6:45  Terran Ship Weapons Level 1  
  37  7:16  Siege Tank  
  37  7:19  Banshee  
  39  7:28  Orbital Command  
  35  7:37  Weapon Refit  
  35  7:48  Siege Tank  
  38  8:02  Banshee  
  38  8:03  SCV x2  
  43  8:12  Cloaking Field  
  43  8:15  SCV  
  43  8:16  SCV  
  43  8:18  Armory  
  45  8:27  SCV  
  46  8:42  Supply Depot  
  46  8:44  Supply Depot  
  46  8:46  Supply Depot  
  46  8:48  Supply Depot  
  46  8:56  Terran Ship Weapons Level 2  
  46  9:04  SCV x2, Battlecruiser  
  46  9:06  Supply Depot  
  46  9:08  Terran Vehicle And Ship Armor Level 1  
  54  9:16  SCV x2  
  56  9:28  SCV x2  
  58  9:40  SCV x2  
  60  9:51  Missile Turret  
  60  9:52  SCV  
  60  9:53  SCV  
  62  10:13  Command Center  
  62  10:20  Starport  
  62  10:21  Hi-Sec Auto Tracking  
  62  10:27  Hyperflight Rotors  
  62  11:13  Starport Tech Lab  
  62  11:15  Battlecruiser  
  62  11:17  Terran Ship Weapons Level 3  
  68  11:18  Terran Vehicle And Ship Armor Level 2, Neosteel Armor  
  68  11:19  Refinery  
  68  11:20  Refinery  
  68  11:47  Battlecruiser  
  75  11:59  SCV x2  
  77  12:02  Orbital Command  
  76  12:11  SCV x2  
  78  12:23  SCV x2  
  78  12:26  Command Center  
  80  12:35  SCV x2  
  82  12:40  Battlecruiser  
  88  12:47  SCV  
  88  12:48  SCV  
  90  12:51  Battlecruiser  
  93  13:41  SCV  
  94  13:44  Battlecruiser  
  100  13:53  SCV  
  101  13:56  Battlecruiser  
  101  13:57  Orbital Command  
  107  14:04  SCV x2  
  107  14:05  SCV  
  110  14:10  Refinery  
  110  14:12  Terran Vehicle And Ship Armor Level 3  
  110  14:13  Terran Vehicle Weapons Level 1  
  110  14:16  SCV  
  110  14:17  SCV x2  
  110  14:28  SCV  
  110  14:29  SCV x2  
  107  14:36  Refinery  
  107  14:40  SCV  
  107  14:41  SCV x2  
  110  14:46  SCV  
  112  14:52  SCV  
  112  14:53  SCV x2  
  112  14:58  SCV  
  115  15:05  SCV  
  116  15:10  Supply Depot  
  116  15:31  SCV, Battlecruiser  
  116  15:33  Supply Depot  
  123  15:43  SCV, Supply Depot  
  124  15:50  Supply Depot  
  124  15:55  Battlecruiser, SCV  
  131  15:57  Supply Depot  
  131  16:05  Supply Depot  
  131  16:08  SCV  
  132  16:20  SCV  
  133  16:36  Battlecruiser  
  133  16:39  SCV x3  
  142  16:51  SCV  
  142  16:52  SCV x2, Terran Vehicle Weapons Level 2  
  145  16:59  Battlecruiser  
  151  17:03  SCV  
  151  17:04  SCV x2  
  151  17:05  Supply Depot x2  
  151  17:06  Supply Depot x2  
  154  17:08  Supply Depot  
  154  17:15  SCV  
  155  17:16  SCV x2  
  157  17:27  SCV  
  157  17:28  SCV x2  
  160  17:30  Supply Depot  
  160  17:40  Battlecruiser  
  166  18:03  Battlecruiser  
  169  18:34  Command Center  
  169  18:43  Starport  
  169  18:44  Battlecruiser  
  175  19:01  Refinery  
  175  19:07  Battlecruiser  
  175  19:08  Command Center  
  175  19:09  Sensor Tower  
  181  19:19  Sensor Tower  
  181  19:24  Starport Tech Lab  
  187  19:53  Planetary Fortress  
  187  19:56  SCV  
  187  19:57  SCV x3  
  191  20:02  Refinery  
  191  20:08  SCV  
  191  20:09  SCV x3  
  195  20:20  SCV  
  195  20:21  SCV x3  
  198  20:32  SCV  
  198  20:33  SCV  
Tags
 
Matchup
TvZ
Opening
Pool First
Spawn Locations
Cross Positions
Add a new tag
Caveats
  • Supply blocks, unpowered buildings, or Contaminate may cause inaccurate times.
  • Supply counts are checked every 10 seconds.